Map: 자가나타 - 래더

Players

DRG - Winner!

  • Race: Zerg Zerg
  • Spawn Location: 1:00

Stats

  • Race: Protoss Protoss
  • League: Master
  • Spawn Location: 7:00

Event: StayAtHome Story Cup #3

VOD

Have the link to the VOD?

Description

Time

  • Played on: March 11, 2021, 7:45 a.m.
  • Length: 10:01

All games in this series

Show
View Real Time Build Order
Export as new Build Order

DRG Zerg - Winner!

Build Orders: Hatch First 

Get SALT Encoding   

  12  0:00  Drone  
  13  0:11  Overlord  
  13  0:16  Drone  
  14  0:30  Drone x2  
  16  0:48  Hatchery  
  15  0:51  Drone  
  15  0:54  Drone  
  17  0:58  Drone  
  18  1:08  Extractor  
  17  1:13  Spawning Pool  
  17  1:17  Drone  
  17  1:20  Drone  
  18  1:27  Drone  
  19  1:39  Drone  
  20  1:49  Drone  
  21  2:00  Queen x2  
  25  2:02  Zergling x4  
  27  2:10  Overlord  
  27  2:12  Drone  
  27  2:14  Metabolic Boost  
  28  2:29  Drone x2  
  30  2:31  Drone  
  30  2:33  Drone  
  32  2:40  Hatchery  
  32  2:43  Drone  
  32  2:49  Queen  
  34  2:54  Overlord  
  34  2:57  Drone  
  35  3:00  Drone  
  35  3:05  Overlord  
  36  3:13  Drone x4  
  36  3:16  Drone  
  36  3:19  Queen  
  43  3:23  Drone  
  44  3:28  Queen  
  44  3:31  Drone  
  47  3:35  Drone  
  47  3:43  Zergling x6  
  47  3:44  Drone  
  47  3:45  Spore Crawler  
  47  3:48  Drone  
  51  3:52  Queen  
  51  3:55  Spore Crawler  
  52  3:57  Overlord  
  52  3:59  Drone x2  
  52  4:01  Spore Crawler  
  53  4:04  Overlord  
  53  4:07  Drone x2  
  53  4:09  Drone  
  56  4:13  Overlord  
  57  4:17  Drone x2  
  57  4:20  Overlord  
  58  4:25  Drone x3  
  61  4:31  Drone x2  
  61  4:32  Roach Warren  
  61  4:33  Drone  
  61  4:37  Drone x3  
  66  4:43  Lair  
  66  4:45  Drone  
  67  4:47  Drone  
  67  4:51  Drone x3  
  71  4:53  Extractor  
  71  4:54  Extractor, Overlord  
  71  4:58  Zergling x4  
  71  4:59  Drone  
  72  5:00  Extractor x2  
  72  5:03  Drone x2  
  72  5:05  Overlord  
  72  5:07  Overlord  
  72  5:11  Zergling x2  
  72  5:13  Spine Crawler  
  71  5:16  Roach x2  
  71  5:19  Roach  
  71  5:20  Roach x2  
  79  5:24  Roach  
  79  5:27  Zergling x4  
  82  5:32  Zergling x6  
  85  5:37  Zergling x12  
  91  5:43  Roach x3  
  91  5:46  Overlord  
  97  5:51  Overlord  
  96  5:57  Zergling x4  
  96  6:03  Zergling x4  
  90  6:05  Zergling x2  
  90  6:06  Queen, Zergling x2  
  92  6:12  Ravager x7  
  92  6:13  Zergling x8  
  103  6:19  Zergling x4  
  103  6:21  Ravager  
  103  6:23  Queen  
  108  6:27  Zergling x4  
  108  6:29  Overlord  
  108  6:32  Overlord  
  110  6:35  Zergling x2  
  110  6:36  Overseer  
  111  6:41  Ravager  
  110  6:48  Zergling x12  
  110  6:54  Zergling x2  
  103  7:04  Drone x3  
  101  7:11  Drone x4  
  101  7:16  Drone x2  
  101  7:22  Drone  
  104  7:28  Pneumatized Carapace  
  98  7:35  Zergling x10  
  97  7:38  Queen, Glial Reconstitution  
  93  7:46  Drone x2  
  93  7:50  Drone  
  91  7:53  Drone  
  91  7:55  Baneling Nest  
  91  7:56  Evolution Chamber  
  86  8:00  Overlord  
  86  8:03  Hatchery  
  86  8:04  Zergling x2  
  86  8:05  Zergling x2  
  87  8:08  Zergling x14  
  94  8:15  Roach  
  96  8:20  Roach x2  
  96  8:25  Drone  
  101  8:31  Drone x2  
  101  8:32  Overseer  
  100  8:36  Drone  
  100  8:37  Drone x5  
  100  8:39  Ravager  
  100  8:41  Centrifical Hooks, Roach  
  109  8:43  Ravager x2  
  109  8:45  Roach  
  113  8:49  Roach  
  113  8:51  Overlord  
  113  8:52  Roach  
  117  8:57  Roach x2  
  117  8:58  Overlord  
  117  9:02  Ravager  
  122  9:10  Roach x4  
  119  9:19  Roach x7  
  119  9:24  Roach x3  
  118  9:26  Roach x2  
  118  9:29  Roach x3  
  119  9:37  Roach  
Show
View Real Time Build Order
Export as new Build Order

Stats Protoss 

Build Orders: 1 Gate Expand 

Get SALT Encoding   

  12  0:00  Probe  
  13  0:13  Pylon  
  13  0:17  Probe (Chrono Boost)  
  14  0:26  Probe (Chrono Boost)  
  15  0:32  Probe  
  16  0:41  Gateway  
  16  0:44  Probe  
  16  0:48  Assimilator  
  17  0:56  Probe  
  18  1:08  Probe  
  19  1:20  Probe  
  20  1:28  Nexus  
  20  1:36  Cybernetics Core  
  20  1:39  Probe  
  21  1:46  Assimilator  
  21  1:51  Probe  
  22  1:55  Pylon  
  22  2:03  Probe  
  23  2:11  Probe, Adept (Chrono Boost)  
  26  2:19  Probe, Stargate  
  26  2:29  Warp Gate  
  27  2:30  Probe (Chrono Boost)  
  27  2:34  Adept  
  30  2:41  Probe (Chrono Boost)  
  32  2:48  Probe (Chrono Boost)  
  32  2:50  Probe (Chrono Boost)  
  33  2:55  Probe x2 (Chrono Boost)  
  33  2:57  Void Ray (Chrono Boost)  
  35  3:04  Adept  
  37  3:07  Probe  
  37  3:08  Probe  
  43  3:14  Pylon  
  43  3:21  Gateway  
  43  3:24  Probe x2  
  45  3:36  Probe x2  
  45  3:37  Twilight Council  
  47  3:51  Nexus  
  47  3:53  Pylon  
  47  3:56  Probe  
  48  4:05  Gateway x2, Resonating Glaives (Chrono Boost)  
  48  4:18  Adept x2  
  48  4:20  Pylon  
  48  4:21  Probe  
  48  4:22  Probe  
  54  4:29  Pylon  
  54  4:32  Assimilator  
  54  4:34  Assimilator  
  54  4:38  Adept  
  54  4:39  Adept  
  54  4:40  Probe x2  
  54  4:45  Pylon  
  60  4:52  Probe, Shield Battery  
  61  4:59  Adept  
  64  5:00  Adept x2  
  64  5:01  Adept  
  64  5:03  Probe  
  64  5:05  Probe  
  64  5:06  Probe  
  72  5:20  Probe x2 (Chrono Boost)  
  75  5:22  Robotics Facility  
  75  5:23  Forge  
  75  5:25  Probe (Chrono Boost)  
  75  5:26  Adept  
  75  5:27  Adept  
  79  5:34  Probe x2 (Chrono Boost)  
  77  5:35  Probe  
  80  5:51  Probe x3, Blink (Chrono Boost)  
  80  5:54  Gateway  
  80  5:55  Gateway  
  67  6:07  Immortal (Chrono Boost), Adept x4  
  67  6:10  Protoss Ground Weapons Level 1  
  73  6:14  Shield Battery  
  73  6:24  Photon Cannon  
  73  6:25  Pylon  
  73  6:27  Shield Battery  
  73  6:31  Sentry x2  
  73  6:32  Sentry x2  
  81  6:36  Immortal (Chrono Boost)  
  85  6:43  Shield Battery  
  85  6:44  Photon Cannon  
  81  6:58  Stalker x4  
  89  7:08  Immortal (Chrono Boost)  
  78  7:17  Sentry  
  78  7:18  Sentry  
  78  7:21  Pylon  
  82  7:24  Zealot x2  
  82  7:28  Zealot  
  78  7:39  Gateway  
  78  7:41  Gateway  
  78  7:42  Zealot x2  
  78  7:43  Immortal (Chrono Boost)  
  78  7:46  Cybernetics Core  
  78  7:49  Zealot  
  78  8:09  Gateway  
  78  8:10  Gateway  
  78  8:12  Warp Prism (Chrono Boost)  
  80  8:14  Pylon  
  80  8:15  Pylon  
  80  8:22  Sentry x2  
  80  8:23  Sentry x2  
  88  8:38  Stalker x2  
  88  8:39  Observer (Chrono Boost)  
  93  8:48  Stalker x4  
  101  8:58  Gateway  
  101  9:00  Pylon  
  97  9:06  Stalker x2  
  97  9:09  Stalker  
  94  9:17  Stalker  
  78  9:31  Stalker x3  
  70  9:34  Stalker  
Tags
 
Add a new tag
Caveats
  • Supply blocks, unpowered buildings, or Contaminate may cause inaccurate times.
  • Supply counts are checked every 10 seconds.